 Dungeon Crawl Stone Soup version 0.31-a0-180-g519b7de00c (webtiles) character file.

Game seed: 16681202161132860281

168 qw the Shooter (level 5, -4/49 HPs)
             Began as a Naga Hunter on June 19, 2023.
             Slain by Grinder (5 damage)
             ... on level 3 of the Dungeon.
             The game lasted 00:00:43 (1647 turns).

qw the Shooter (Naga Hunter)                        Turns: 1647, Time: 00:00:43

Health: -4/49      AC:  4    Str: 13    XL:     5   Next: 48%
Magic:  5/5        EV:  8    Int: 10    God:
Gold:   153        SH:  0    Dex: 16    Spells: 4/4 levels left

rFire   + . .        Y - +1 shortbow
rCold   . . .        (shield currently unavailable)
rNeg    . . .        e - +0 ring mail {rF+}
rPois   +            (no helmet)
rElec   .            (no cloak)
rCorr   .            (no gloves)
SInv    +            (no barding)
Will    +....        (no amulet)
Stlth   +            b - ring of willpower
HPRegen 0.28/turn    (no ring)
MPRegen 0.09/turn

%: no passive effects
@: very slow
A: AC +1, large, see invisible, deformed body, poison resistance, slowness 2,
spit poison 1, naga tail 1
a: Spit Poison


You were on level 3 of the Dungeon.
You visited 1 branch of the dungeon, and saw 3 of its levels.

You collected 153 gold pieces.


Innate Abilities, Weirdness & Mutations

Your serpentine skin is tough. (AC +1)
You have supernaturally acute eyesight. (SInv)
Armour fits poorly on your strangely shaped body.
Your system is resistant to poisons. (rPois)
You cover ground very slowly.
You can spit poison.
You have a snake-like lower body.


   Skills:
 - Level 3.0 Fighting
 + Level 5.5 Ranged Weapons
 - Level 1.5 Dodging
 - Level 1.5 Stealth


You had 4 spell levels left.
You didn't know any spells.
Your spell library was empty.

Inventory:

Hand Weapons
 Y - a +1 shortbow (weapon)
Armour
 c - a +0 leather armour
 e - a +0 ring mail of fire resistance (worn)
Jewellery
 b - a ring of willpower (left hand)
Potions
 a - a potion of attraction {unknown}
 f - a potion of haste
 g - a potion of resistance {unknown}

Dungeon Overview and Level Annotations

Branches:
Dungeon (3/15)

Altars:
Fedhas

Shops:
D:1 [

Annotations:
D:3 Grinder


Message History

Ijyb closely misses you.
You shoot an arrow. The arrow closely misses Ijyb.
You have got your breath back.
Ijyb completely misses you.
1637 ||| INVOKING Spit Poison.
Aiming: Spit Poison (1% risk of failure)
Press: ? - help, Shift-Dir - straight line, f/p - Ijyb The splash of poison misses Ijyb.
Ijyb closely misses you.
Grinder comes into view.
You shoot an arrow. The arrow closely misses Ijyb.
Ijyb hits you with a +0 club.
You shoot an arrow. The arrow hits Ijyb.
Ijyb is moderately wounded.
Ijyb hits you but does no damage.
Grinder blinks!
Ijyb hits you with a +0 club.
You shoot an arrow. The arrow hits Ijyb but does no damage.
Ijyb is moderately wounded.
Ijyb hits you with a +0 club. Grinder hits you.
You shoot an arrow. The arrow barely misses Ijyb.
Ijyb hits you with a +0 club. Grinder hits you but does no damage.
You shoot an arrow. The arrow hits Ijyb.
Ijyb is heavily wounded.
You have got your breath back.
Ijyb closely misses you.
Grinder blinks!
Ijyb closely misses you.
1643 ||| INVOKING Spit Poison.
Aiming: Spit Poison (1% risk of failure)
Press: ? - help, Shift-Dir - straight line, f/p - Ijyb The splash of poison hits Ijyb!
Ijyb is almost dead.
Ijyb barely misses you.
You shoot an arrow. The arrow hits Ijyb.
You kill Ijyb!
You shoot an arrow. The arrow completely misses Grinder.
You have got your breath back.
You shoot an arrow.
The arrow hits Grinder but does no damage.
You shoot an arrow. The arrow hits Grinder.
Grinder is lightly wounded.
Grinder hits you.
You writhe in agony.
You die...

..~### #.#.. #
#.#.} .# #.#. ..#
#..###....
#######.........
................
#.>..@5......
..#####)##.#######.
#..........#
######.)##.#
.......)...#
........####.###
..##.#.#.<.....#
..##.#.#.#####.#
.......#.# #.#


You could see Grinder.

Vanquished Creatures
  Ijyb (D:3)
  An iguana (D:2)
  6 adders (D:2)
  2 worms (D:2)
  A dart slug (D:2)
  5 orcs (D:3)
  6 bats
  5 endoplasms
  4 goblins
  4 hobgoblins
  A quokka (D:1)
  7 ball pythons
  3 frilled lizards
  2 kobolds
  6 rats
54 creatures vanquished.

Notes
Turn   | Place    | Note
-------+----------+-------------------------------------------
     0 | D:1      | qw the Naga Hunter began the quest for the Orb.
     0 | D:1      | Reached XP level 1. HP: 19/19 MP: 1/1
     0 | D:1      | 0 ||| qw: Version: 0.3-a-7-ge0c9b40
     0 | D:1      | 0 ||| qw: Game counter: 974
     0 | D:1      | 0 ||| qw: Always use a shield: true
     0 | D:1      | 0 ||| qw: God list: Okawaru
     0 | D:1      | 0 ||| qw: Allow faded altars: false
     0 | D:1      | 0 ||| qw: Do Orc after D:15 true
     0 | D:1      | 0 ||| qw: Do second Lair branch before Depths: true
     0 | D:1      | 0 ||| qw: Lair rune preference: random
     0 | D:1      | 0 ||| qw: Plans: Normal
     0 | D:1      | 0 ||| PLANNING D:1-11
    56 | D:1      | 56 ||| INVOKING Spit Poison.
   107 | D:1      | Found a faded altar of an unknown god.
   189 | D:1      | 189 ||| INVOKING Spit Poison.
   195 | D:1      | 195 ||| INVOKING Spit Poison.
   204 | D:1      | 204 ||| INVOKING Spit Poison.
   205 | D:1      | 205 ||| INVOKING Spit Poison.
   210 | D:1      | Reached skill level 4 in Ranged Weapons
   210 | D:1      | Reached XP level 2. HP: 25/26 MP: 2/2
   216 | D:1      | 216 ||| INVOKING Spit Poison.
   221 | D:1      | 221 ||| INVOKING Spit Poison.
   259 | D:1      | 259 ||| INVOKING Spit Poison.
   297 | D:1      | 297 ||| INVOKING Spit Poison.
   344 | D:1      | 344 ||| INVOKING Spit Poison.
   348 | D:1      | Found Imeoted's Antique Armour Shop.
   356 | D:1      | 356 ||| SHOPLISTING glowing ring mail (196 gold, have 32).
   356 | D:1      | 356 ||| SHOPLISTING pair of gloves (126 gold, have 32).
   358 | D:1      | 358 ||| INVOKING Spit Poison.
   474 | D:1      | 474 ||| INVOKING Spit Poison.
   528 | D:1      | 528 ||| UPGRADING to +0 ring mail of fire resistance.
   538 | D:1      | 538 ||| READING scroll labelled NIRAMYILLARGH.
   539 | D:1      | 539 ||| READING scroll labelled ACIUR KOV DECS.
   540 | D:1      | 540 ||| READING scroll labelled SUYJAWKUCZUEBA.
   541 | D:1      | 541 ||| READING scroll labelled MUUXTO NIKIMN.
   542 | D:1      | 542 ||| DROPPING scroll of butterflies.
   579 | D:2      | Identified the +6 rapier "Vysuxyo" {flame, +Blink rElec
                  | Str-2 Dex+5}
   584 | D:2      | 584 ||| INVOKING Spit Poison.
   591 | D:2      | 591 ||| INVOKING Spit Poison.
   594 | D:2      | Reached XP level 3. HP: 32/32 MP: 3/3
   617 | D:2      | 617 ||| INVOKING Spit Poison.
   620 | D:2      | 620 ||| INVOKING Spit Poison.
   626 | D:2      | 626 ||| INVOKING Spit Poison.
   700 | D:2      | 700 ||| INVOKING Spit Poison.
   730 | D:2      | 730 ||| INVOKING Spit Poison.
   776 | D:2      | 776 ||| INVOKING Spit Poison.
   794 | D:2      | 794 ||| INVOKING Spit Poison.
   826 | D:2      | 826 ||| INVOKING Spit Poison.
   836 | D:2      | 836 ||| INVOKING Spit Poison.
   839 | D:2      | 839 ||| INVOKING Spit Poison.
   876 | D:2      | 876 ||| INVOKING Spit Poison.
   877 | D:2      | Reached skill level 5 in Ranged Weapons
   877 | D:2      | Reached XP level 4. HP: 39/39 MP: 4/4
   881 | D:2      | 881 ||| INVOKING Spit Poison.
   915 | D:2      | 915 ||| INVOKING Spit Poison.
   932 | D:2      | Found a blossoming altar of Fedhas.
   940 | D:2      | 940 ||| INVOKING Spit Poison.
  1015 | D:2      | 1015 ||| INVOKING Spit Poison.
  1020 | D:2      | 1020 ||| INVOKING Spit Poison.
  1021 | D:2      | Reached skill level 3 in Fighting
  1088 | D:2      | 1088 ||| INVOKING Spit Poison.
  1145 | D:2      | 1145 ||| INVOKING Spit Poison.
  1163 | D:2      | 1163 ||| INVOKING Spit Poison.
  1164 | D:2      | Reached XP level 5. HP: 49/49 MP: 5/5
  1167 | D:2      | 1167 ||| INVOKING Spit Poison.
  1170 | D:2      | 1170 ||| INVOKING Spit Poison.
  1364 | D:2      | 1364 ||| UPGRADING to ring of willpower.
  1365 | D:2      | 1365 ||| READING scroll labelled JOODWA YSEGAZI.
  1368 | D:2      | 1368 ||| READING scroll labelled TUMIMAIFAKK.
  1369 | D:2      | 1369 ||| READING scroll labelled GENLIE TOSCHUUQ.
  1370 | D:2      | 1370 ||| DRINKING 2 fuming grey potions.
  1475 | D:2      | 1475 ||| DROPPING potion of berserk rage.
  1557 | D:3      | 1557 ||| INVOKING Spit Poison.
  1564 | D:3      | 1564 ||| INVOKING Spit Poison.
  1579 | D:3      | 1579 ||| INVOKING Spit Poison.
  1605 | D:3      | 1605 ||| INVOKING Spit Poison.
  1609 | D:3      | 1609 ||| INVOKING Spit Poison.
  1615 | D:3      | 1615 ||| INVOKING Spit Poison.
  1624 | D:3      | 1624 ||| INVOKING Spit Poison.
  1627 | D:3      | Noticed Ijyb
  1628 | D:3      | 1628 ||| INVOKING Spit Poison.
  1634 | D:3      | 1634 ||| INVOKING Spit Poison.
  1637 | D:3      | 1637 ||| INVOKING Spit Poison.
  1637 | D:3      | Noticed Grinder
  1639 | D:3      | HP: 12/49 [Ijyb/+0 club (3)]
  1640 | D:3      | HP: 5/49 [Grinder (4)]
  1643 | D:3      | 1643 ||| INVOKING Spit Poison.
  1644 | D:3      | Killed Ijyb
  1647 | D:3      | HP: 1/49 [Grinder (6)]
  1647 | D:3      | Slain by Grinder

Levels and vault maps discovered:
D:1:      lemuel_arrival_hallway, layout_basic, serial_shops, shop,
          hellmonk_ecumenical_altar_pennies_from_heaven, minmay_tiny_reverse_x
D:2:      layout_loops_ring, basic_altar
D:3:      layout_loops_ring, ebering_ghost_sewer_d, serial_shops, shop_statue,
          minivault_5, fountainhead, uniq_natasha, uniq_grinder, uniq_ijyb

Skill      XL: |  1  2  3  4 |
---------------+-------------+-----
Ranged Weapons | 4 5 |  5.5
Fighting       | 3 |  3.0
Dodging        | |  1.5
Stealth        | |  1.5

Action                     |  1- 3 |  4- 6 || total
---------------------------+-------+-------++-------
   Fire: Shortbow          |    60 |    58 ||   118
Ability: Spit Poison       |    24 |    21 ||    45
    Use: Scroll            |     4 |     3 ||     7
         Potion            |       |     1 ||     1
 Armour: Leather armour    |     3 |       ||     3
         Ring mail         |    12 |    11 ||    23
  Dodge: Dodged            |    22 |    20 ||    42

Table legend:
 A = Non-vault XP
 B = Vault XP
 C = Vault XP percentage of total XP
 D = Non-vault monster count
 E = Vault monster count
 F = Vault count percentage of total count
                 A         B        C        D         E       F
            +---------+---------+-------+---------+---------+-------
      Total |     198 |      42 |  17.5 |      51 |       3 |   5.6
            +---------+---------+-------+---------+---------+-------
        D:1 |      25 |       4 |  13.8 |      17 |       2 |  10.5
        D:2 |     151 |       0 |   0.0 |      25 |       0 |   0.0
        D:3 |      22 |      38 |  63.3 |       9 |       1 |  10.0
            +---------+---------+-------+---------+---------+-------
